Map: Megatón

Players

MrFercho

  • Race: Terran Terran
  • Spawn Location: 5:00

tigro

  • Race: Terran Terran
  • Spawn Location: 11:00

VOD

Have the link to the VOD?

Description

Time

  • Played on: Nov. 19, 2018, 9:30 a.m.
  • Length: 27:46
Show
View Real Time Build Order
Export as new Build Order

MrFercho Terran 

Build Orders:  

Get SALT Encoding   

  12  0:03  SCV  
  13  0:27  Supply Depot  
  13  1:11  Refinery  
  13  1:28  SCV  
  14  1:41  SCV  
  15  1:53  SCV  
  16  2:05  SCV  
  17  2:09  Refinery  
  17  2:17  SCV  
  18  2:28  Supply Depot  
  18  2:29  SCV  
  19  2:34  Supply Depot  
  19  2:35  Supply Depot  
  19  2:41  SCV  
  20  3:25  Barracks  
  20  3:27  Barracks  
  20  3:29  Barracks  
  20  4:02  SCV  
  21  4:14  SCV  
  22  4:17  Engineering Bay  
  22  4:20  Engineering Bay  
  22  4:23  Command Center  
  22  4:24  Barracks Tech Lab x3  
  22  4:26  SCV, Refinery  
  22  4:30  Refinery  
  23  4:38  SCV  
  24  4:50  SCV  
  25  4:58  Reaper x3  
  28  5:10  Orbital Command  
  28  5:30  Marauder x2  
  28  5:31  Marauder  
  34  5:47  SCV x2  
  36  5:51  Marine x3  
  39  5:59  SCV x2  
  41  6:11  SCV x2  
  43  6:23  SCV x2  
  45  6:35  SCV x2  
  44  7:36  Orbital Command  
  44  8:02  Command Center  
  44  8:05  Refinery  
  44  8:09  Refinery  
  44  8:25  Factory  
  44  8:26  Factory  
  44  8:27  Factory  
  44  8:41  SCV  
  44  8:42  SCV  
  46  8:53  SCV  
  46  8:54  SCV  
  48  9:06  SCV x2  
  50  9:11  Factory  
  50  9:18  SCV x2  
  52  9:30  SCV x2  
  54  9:36  Sensor Tower  
  54  9:40  Sensor Tower  
  54  9:43  Sensor Tower  
  54  10:16  Sensor Tower  
  53  10:27  Sensor Tower  
  53  10:53  Factory Tech Lab x2  
  53  10:54  Factory Tech Lab  
  53  10:56  Factory Tech Lab  
  53  11:03  Missile Turret  
  53  11:08  Missile Turret  
  53  11:14  Starport  
  53  11:17  Starport  
  53  11:28  Missile Turret  
  53  11:37  Missile Turret  
  53  11:51  SCV x3  
  53  11:53  Starport  
  56  11:55  Starport  
  56  11:58  Missile Turret  
  56  12:01  Missile Turret  
  56  12:03  SCV x3  
  56  12:08  Command Center  
  59  12:15  SCV x3  
  62  12:22  Supply Depot  
  62  12:23  Siege Tank x4  
  62  12:24  Missile Turret  
  62  12:27  SCV x3  
  77  12:33  Missile Turret  
  77  12:34  Starport x2  
  77  12:39  SCV x3  
  80  12:44  Supply Depot  
  80  12:55  Cyclone x3  
  80  12:56  Missile Turret, Cyclone  
  92  13:01  Missile Turret  
  92  13:06  Supply Depot  
  92  13:07  Orbital Command  
  92  13:11  Starport  
  92  13:13  Starport  
  92  13:24  Refinery  
  92  13:27  Hellion, Refinery, Cyclone  
  92  13:28  Hellion x2  
  92  13:30  Supply Depot  
  92  13:32  Supply Depot  
  101  13:42  Command Center  
  101  13:43  Starport Tech Lab  
  101  13:44  Starport Tech Lab x4  
  101  13:47  Starport Tech Lab  
  101  13:51  Starport Tech Lab  
  101  13:53  Starport Tech Lab  
  101  14:12  Armory  
  101  14:14  Armory  
  101  14:22  Terran Infantry Armor Level 1, Terran Infantry Weapons Level 1  
  101  15:00  Armory  
  101  15:01  Fusion Core  
  101  15:16  Command Center  
  101  15:30  Orbital Command  
  101  15:31  Supply Depot x2  
  101  15:32  Supply Depot  
  101  15:35  Orbital Command  
  101  15:48  Ghost Academy  
  101  15:49  Ghost Academy  
  101  15:56  Supply Depot  
  101  15:58  Supply Depot  
  101  16:00  Supply Depot  
  101  16:05  Command Center  
  101  16:16  Neosteel Frame, Neosteel Armor  
  101  16:19  Supply Depot  
  101  16:20  Ghost Academy  
  101  16:21  Supply Depot  
  101  16:23  Ghost Academy  
  101  16:24  Supply Depot  
  101  16:25  Command Center  
  101  16:29  Command Center  
  101  16:55  Ghost Academy  
  101  17:12  Refinery  
  101  17:17  Refinery  
  101  17:26  Refinery  
  101  17:35  Hi-Sec Auto Tracking  
  101  17:38  Orbital Command  
  101  17:42  Orbital Command  
  101  17:43  Refinery  
  101  17:44  Orbital Command  
  101  17:50  Weapon Refit  
  101  17:59  Refinery  
  101  18:10  Orbital Command, Refinery  
  101  18:22  Refinery  
  101  18:29  Terran Ship Weapons Level 1, Terran Vehicle Weapons Level 1  
  101  18:30  Terran Vehicle And Ship Armor Level 1  
  101  18:39  Refinery  
  101  18:40  SCV x4  
  101  18:41  SCV x5  
  108  18:47  Refinery  
  110  18:48  Personal Cloaking  
  110  18:51  Combat Shield  
  110  18:52  Concussive Shells, SCV  
  111  18:55  Infernal Pre-Igniter  
  111  18:56  Rapid Fire Launchers, Drilling Claws  
  111  18:57  Smart Servos  
  111  19:01  Advanced Ballistics  
  111  19:02  Rapid Reignition System, Cloaking Field, Corvid Reactor  
  111  19:04  Hyperflight Rotors  
  111  19:12  Refinery  
  111  19:13  Stimpack  
  111  19:15  Banshee x5  
  111  19:16  Banshee  
  129  19:17  Viking x2  
  133  19:24  Refinery  
  133  19:26  Refinery  
  133  19:47  Viking x2  
  137  19:58  Viking x2, Battlecruiser x2  
  137  19:59  Battlecruiser x2  
  165  20:16  Sensor Tower  
  165  20:17  Battlecruiser x2  
  165  20:19  Sensor Tower  
  107  23:19  Banshee x2  
  113  23:20  Banshee x6  
  131  23:31  Thor  
  131  23:32  Thor x3  
  155  23:36  Marine  
  155  23:37  Marine x2  
  158  23:54  Marine x3  
  161  24:02  Banshee x3  
  167  24:03  Banshee x5  
  185  24:12  Marine x3  
  185  24:14  Thor  
  194  24:30  Marine x3  
  197  24:45  Banshee  
Show
View Real Time Build Order
Export as new Build Order

tigro Terran 

Build Orders:  

Get SALT Encoding   

  12  0:04  SCV  
  13  0:16  SCV  
  14  0:23  Supply Depot  
  14  0:30  SCV  
  15  1:01  Barracks  
  15  1:04  Refinery  
  15  1:15  SCV  
  16  1:23  Refinery  
  16  1:45  SCV  
  17  1:55  Engineering Bay  
  17  1:57  SCV  
  18  2:07  Reaper  
  19  2:23  Supply Depot  
  19  2:29  SCV  
  20  2:38  Marine  
  20  2:41  SCV  
  22  2:51  Factory  
  22  2:56  Marine  
  23  3:14  Marine  
  24  3:32  Marine  
  25  3:43  Command Center  
  25  3:50  Barracks Tech Lab  
  25  3:56  Widow Mine  
  27  4:08  Orbital Command  
  27  4:17  Widow Mine  
  27  4:22  Marauder  
  31  4:55  Marauder, Widow Mine  
  31  4:56  Refinery  
  35  5:10  Missile Turret  
  35  5:13  Supply Depot  
  35  5:16  Marauder, Widow Mine  
  39  5:38  Marauder, Widow Mine  
  39  5:41  Bunker, Missile Turret  
  43  5:52  SCV  
  44  5:59  Marauder  
  46  6:04  SCV  
  47  6:16  SCV  
  48  6:20  Refinery  
  48  6:23  Missile Turret  
  48  6:28  SCV  
  49  6:40  SCV  
  41  6:56  SCV  
  39  7:08  SCV  
  40  7:45  SCV  
  41  8:30  SCV  
  42  8:43  SCV  
  42  8:46  Combat Shield  
  43  8:50  Factory Tech Lab  
  43  9:09  Armory  
  43  9:19  Marine  
  44  9:26  Infernal Pre-Igniter  
  44  9:32  Siege Tank  
  44  9:37  Reaper  
  48  9:40  Terran Infantry Weapons Level 1  
  48  9:54  Planetary Fortress  
  48  9:58  Starport  
  48  10:02  Terran Vehicle Weapons Level 1  
  48  10:04  Siege Tank  
  51  10:09  Marine  
  52  10:26  Stimpack  
  52  10:27  Reaper  
  53  10:40  Missile Turret  
  53  10:44  Rapid Fire Launchers  
  53  10:59  Marine  
  53  11:03  Supply Depot  
  54  11:14  Starport Tech Lab  
  54  11:24  Siege Tank  
  57  11:35  Terran Infantry Armor Level 1  
  57  11:56  Siege Tank, Terran Vehicle And Ship Armor Level 1  
  57  12:00  Barracks  
  60  12:03  Drilling Claws  
  60  12:06  Concussive Shells  
  60  12:16  Marine  
  61  12:34  Marine  
  62  12:56  Missile Turret  
  62  13:11  Rapid Reignition System  
  62  13:17  Supply Depot  
  62  13:21  Smart Servos  
  62  13:29  Hi-Sec Auto Tracking  
  62  13:38  Siege Tank, SCV x2  
  67  13:50  Terran Ship Weapons Level 1, SCV  
  68  13:55  Fusion Core  
  68  14:08  Corvid Reactor, SCV  
  69  14:25  Neosteel Frame  
  69  14:46  Missile Turret  
  69  15:06  Supply Depot  
  69  15:26  Cloaking Field  
  69  15:27  Thor  
  75  15:43  Ghost Academy  
  75  15:44  Terran Vehicle Weapons Level 2, Neosteel Armor  
  75  15:59  Refinery  
  75  16:07  Refinery  
  75  16:39  Missile Turret  
  75  16:46  Hyperflight Rotors  
  75  17:00  SCV  
  76  17:30  Missile Turret  
  76  18:08  SCV  
  77  18:18  Supply Depot  
  77  18:20  SCV  
  78  18:40  Battlecruiser, SCV  
  85  18:42  Supply Depot  
  85  18:46  Advanced Ballistics  
  85  18:52  SCV  
  86  18:56  Barracks Tech Lab  
  86  19:13  Supply Depot  
  86  19:18  SCV  
  87  19:30  SCV  
  88  19:40  Missile Turret  
  88  19:43  SCV  
  88  19:44  Battlecruiser  
  95  20:08  Terran Infantry Weapons Level 2  
  95  20:09  Missile Turret  
  95  20:18  SCV  
  96  20:30  SCV  
  92  20:48  Battlecruiser  
  73  21:00  Weapon Refit  
  64  21:42  Missile Turret  
  58  21:52  Barracks, Medivac  
  48  22:16  Missile Turret  
  48  22:22  Medivac  
  48  22:24  Terran Infantry Armor Level 2  
  50  22:31  Siege Tank  
  53  22:52  Viking  
  55  23:03  Siege Tank  
  58  23:35  Siege Tank  
  61  24:07  Siege Tank  
  64  24:14  Battlecruiser, Refinery  
  70  24:29  SCV  
  65  24:39  Siege Tank  
  65  24:41  SCV  
  63  24:53  SCV  
  62  25:02  Missile Turret  
  62  25:05  SCV  
  63  25:11  Thor  
  66  25:15  Missile Turret  
  66  25:18  Battlecruiser, SCV  
  63  25:27  Missile Turret  
  57  26:02  Missile Turret  
  57  26:05  Marine  
  57  26:10  Widow Mine  
  60  26:16  SCV  
  61  26:23  Marine  
  62  26:31  Widow Mine  
  64  26:41  Marine  
  65  26:58  Marine  
  66  27:16  Marine  
  67  27:32  Missile Turret  
Tags
 
Matchup
TvT
Race
Terran
Replay Pack
MrFercho
Spawn Locations
Cross Positions
Add a new tag
Caveats
  • Supply blocks, unpowered buildings, or Contaminate may cause inaccurate times.
  • Supply counts are checked every 10 seconds.